AoeStats
← san.llove108

Arabia

508717159Analyzed
1v1 RM · 9d ago on Sep 23, 2026· 40m 46s· 2 players
Game mode
Random Map
Map size
Tiny (2 player)
Population
200
Speed
Normal
Resources
Standard
Victory
Conquest
Starting age
Dark Age
Ending age
Imperial Age
RankedLock teamsTeams togetherTeam positionsShared explorationLock speedFull tech treeHidden civsTurbo modeCheats
Victory
Defeat
🇺🇾 Britons · Uruguay
830
+15
🇨🇱 Italians · Chile
815
-36
Kabewski
6:49 Loom
11:04 Feudal Age
18:30 Castle Age
19:23 Forging
22:07 Stone Mining
22:21 Double-Bit Axe
25:32 Pikeman
28:08 Horse Collar
28:30 Fletching
28:45 Gold Mining
30:15 Wheelbarrow
30:08 Ballistics
29:55 Town Watch
30:45 Padded Archer Armor
36:31 Imperial Age
38:15 Thumb Ring
39:56 Elite Skirmisher
san.llove108
4:29 Loom
10:31 Feudal Age
12:04 Wheelbarrow
11:34 Double-Bit Axe
11:34 Horse Collar
20:57 Castle Age
21:44 Husbandry
22:00 Scale Barding Armor
24:07 Hand Cart
31:43 Fletching
33:02 Bodkin Arrow
34:06 Forging
42:25 Imperial Age
Connection lost

Rejoining the realm…

Still unreachable

The connection could not be restored.

Session expired

The server has moved on; the page needs a fresh start.